 Dungeon Crawl Stone Soup version 0.20.1-1-g8b1a95d (webtiles) character file.

2694 Mesmaeker13 the Charmwright (level 9, -3/67 HPs)
             Began as a Green Draconian Skald on Aug 26, 2017.
             Was a Follower of Ashenzari.
             Slain by an ogre
             ... wielding a +0 giant club
              (26 damage)
             ... on level 8 of the Dungeon.
             The game lasted 00:18:47 (10753 turns).

Mesmaeker13 the Charmwright (DrSk)                 Turns: 10753, Time: 00:18:48

Health: -3/67      AC: 11    Str: 14    XL:     9   Next: 38%
Magic:  1/12       EV: 14    Int: 13    God:    Ashenzari [*.....]
Gold:   335        SH:  4    Dex: 12    Spells: 1/12 levels left

rFire    . . .     SeeInvis .   o - +0 flail
rCold    . . .     Gourm    .   t - +0 buckler
rNeg     . . .     Faith    .   (armour unavailable)
rPois    +         Spirit   .   (helmet restricted)
rElec    .         Reflect  .   B - +2 cloak
rCorr    .         Harm     .   (no gloves)
MR       +....                  p - +0 pair of boots
Stlth    +.........             (no amulet)
Regen    1.3/turn               q - ring of protection from magic
MPRegen  0.2/turn               (no ring)

@: very slightly contaminated, regenerating
A: breathe noxious fumes, unfitting armour, stinger 1, agile 1, dopey 2, poison
resistance, cold-blooded, AC +7
a: Breathe Noxious Fumes, Curse Item, Scrying, Renounce Religion


You were on level 8 of the Dungeon.
You worshipped Ashenzari.
Ashenzari was aware of your devotion.
You were not hungry.

You visited 2 branches of the dungeon, and saw 9 of its levels.

You collected 335 gold pieces.

Inventory:

Hand Weapons
 l - a +0 hand axe of flaming
 o - a +0 flail (weapon)
Armour
 p - a +0 pair of boots (worn)
 t - a +0 buckler (worn)
 B - a +2 cloak (worn)
Jewellery
 q - a ring of protection from magic (left hand)
Wands
 d - a wand of digging (11/24)
Scrolls
 a - a scroll of fog {unknown}
 f - 2 scrolls of noise {unknown}
 g - 2 scrolls of enchant weapon
 h - 6 scrolls of recharging
 j - 4 scrolls of teleportation
 n - 2 scrolls of magic mapping
 r - a scroll of enchant armour {unknown}
 w - a scroll of amnesia {unknown}
 y - a scroll of blinking {unknown}
Potions
 e - 5 potions of curing
 i - 2 potions of mutation
 k - a potion of magic {unknown}
 s - a potion of cancellation {unknown}
 u - a potion of resistance {unknown}
 z - a potion of flight {unknown}
 A - a potion of berserk rage {unknown}
Books
 b - a book of Battle

   Spells                             Type                      Level
   a - Infusion                       Charms                       1
   b - Shroud of Golubria             Charms/Translocation         2
   c - Song of Slaying                Charms                       2
   d - Spectral Weapon                Hexes/Charms                 3
   e - Regeneration                   Charms/Necromancy            3
Comestibles
 c - a bread ration


   Skills:
 - Level 2.1 Fighting
 + Level 6.4 Maces & Flails
 - Level 5.1 Dodging
 + Level 3.6 Shields
 - Level 2.0 Spellcasting
 + Level 1.4 Hexes
 + Level 6.7 Charms
 - Level 3.0 Necromancy
 - Level 5.0 Translocations


You had one spell level left.
You knew the following spells:

 Your Spells              Type           Power        Failure   Level  Hunger
a - Infusion              Chrm           ###.         1%          1    ##.....
b - Shroud of Golubria    Chrm/Tloc      ###.......   3%          2    ###....
c - Song of Slaying       Chrm           ###.....     2%          2    ###....
d - Regeneration          Chrm/Necr      ##........   11%         3    ####...
e - Spectral Weapon       Hex/Chrm       ##......     14%         3    ####...


Dungeon Overview and Level Annotations

Branches:
Dungeon (8/15)             Temple (1/1) D:4
   Lair: D:8-11

Altars:
Ashenzari
Cheibriados
Dithmenos
Elyvilon
Fedhas
Gozag
Hepliaklqana
Kikubaaqudgha
Makhleb
Nemelex Xobeh
Okawaru
Qazlal
Sif Muna
Trog
Uskayaw
Vehumet
Xom
Yredelemnul
The Shining One

Annotations:
D:7 ThereIsNoGod's ghost, novice DrIE


Innate Abilities, Weirdness & Mutations

You can breathe blasts of noxious fumes.
Your lurid green scales are hard. (AC +7)
You cannot fit into any form of body armour.
Your system is resistant to poisons. (rPois)
You are cold-blooded and may be slowed by cold attacks.
Your tail ends in a poisonous barb.
You are agile. (Dex +2)
You are very dopey. (Int -4)


Message History

The ogre is almost dead.
You block the ogre's attack. The ogre hits you with a giant club!
* * * LOW HITPOINT WARNING * * *
Unknown command.
As you read the scroll of fear, it crumbles to dust.
You assume a fearsome visage.
The ogre looks frightened!
The ogre easily resists.
Your spectral weapon is unaffected.
Unknown command.
Casting: Spectral Weapon
Confirm with . or Enter, or press ? or * to list all spells.
Your skin crawls.
The ogre hits you with a giant club!
* * * LOW HITPOINT WARNING * * *
Unknown command.
Okay, then.
You feel better. The ogre hits you with a giant club!
* * * LOW HITPOINT WARNING * * *
You feel better. The ogre closely misses you.
You feel better. The ogre hits you with a giant club!!
You die...

. ..... ..# #
....##.### #.#.#
.......<.###.#.#
#.#.#.$........#
.#.#..#.###.#...O..
......#.###(# ####.
##.....(....#
.O..g.#O#####
###.....@# ###.####
#.


You could see 2 ogres, a gnoll and a friendly spectral flail.

Vanquished Creatures
  A hungry ghost (D:7)
  The ghost of Baril the Digger, an amateur GrEE (D:3)
  A sky beast (D:6)
  An ice beast (D:7)
  2 orc warriors
  2 ogres
  2 necrophages
  2 phantoms (D:4)
  2 centaurs (D:5)
  A bullfrog (D:7)
  4 scorpions
  5 killer bees
  A crimson imp (D:5)
  6 hounds
  3 orc priests
  Jessica (D:2)
  An iguana (D:5)
  9 orc wizards
  Natasha (thrice) (D:3 D:2 D:4)
  2 worker ants (D:5)
  4 gnolls (D:4)
  8 adders
  3 oozes
  An adder zombie (D:5)
  3 worms
  4 dart slugs
  5 leopard geckos
  27 orcs
  2 ball pythons
  4 giant cockroaches
  6 goblins
  8 hobgoblins
  4 jackals
  8 kobolds
  3 quokkas
  11 bats
  5 frilled lizards
  2 leopard gecko skeletons
  A quokka skeleton (D:6)
  5 rats
164 creatures vanquished.

Vanquished Creatures (collateral kills)
  A killer bee (D:7)
1 creature vanquished.

Grand Total: 165 creatures vanquished

Notes
Turn   | Place    | Note
-------+----------+-------------------------------------------
     0 | D:1      | Mesmaeker13 the Draconian Skald began the quest for the Orb.
     0 | D:1      | Reached XP level 1. HP: 17/17 MP: 3/3
   195 | D:1      | Reached XP level 2. HP: 15/24 MP: 1/5
   688 | D:1      | Learned a level 2 spell: Shroud of Golubria
  1241 | D:1      | Reached XP level 3. HP: 19/29 MP: 6/6
  1432 | D:2      | Noticed Jessica
  1436 | D:2      | Killed Jessica
  1475 | D:2      | Found a glowing golden altar of the Shining One.
  1535 | D:2      | Found a burning altar of Makhleb.
  1558 | D:2      | Reached XP level 4. HP: 31/36 MP: 4/7
  2188 | D:3      | Noticed Natasha
  2197 | D:3      | Killed Natasha
  2213 | D:3      | Noticed Baril's ghost (amateur GrEE)
  2236 | D:3      | Noticed Natasha
  2503 | D:2      | Killed Natasha
  2503 | D:2      | Reached XP level 5. HP: 22/41 MP: 0/8
  3261 | D:3      | Found a bloodstained altar of Trog.
  3695 | D:4      | Noticed Natasha
  3700 | D:4      | Killed Natasha
  3700 | D:4      | Reached skill level 1 in Translocations
  3752 | D:4      | Learned a level 2 spell: Song of Slaying
  3765 | D:4      | Noticed a phantom
  4066 | D:4      | Found a staircase to the Ecumenical Temple.
  4075 | Temple   | Entered the Ecumenical Temple
  4150 | Temple   | Became a worshipper of Ashenzari the Shackled
  4211 | D:4      | Reached XP level 6. HP: 23/48 MP: 2/9
  4946 | D:4      | Gained mutation: You are dopey. (Int -2) [potion of mutation]
  4946 | D:4      | Gained mutation: You are very dopey. (Int -4) [potion of mutation]
  4946 | D:4      | Gained mutation: You are agile. (Dex +2) [potion of mutation]
  4946 | D:4      | Gained mutation: Your tail ends in a poisonous barb. [potion of mutation]
  4954 | D:4      | You fall through a shaft!
  4954 | D:5      | Entered Level 5 of the Dungeon
  5166 | D:5      | Your scales start taking on a lurid green colour.
  5166 | D:5      | Reached XP level 7. HP: 55/55 MP: 4/10
  5166 | D:5      | Gained mutation: Your system is resistant to poisons. (rPois) [Green Draconian growth]
  5321 | D:5      | Found a bloodstained altar of Trog.
  5353 | D:5      | Reached skill level 5 in Charms
  5942 | D:5      | Found a radiant altar of Vehumet.
  6025 | D:5      | Reached XP level 8. HP: 55/60 MP: 11/11
  6066 | D:5      | Reached skill level 5 in Maces & Flails
  6066 | D:5      | Reached skill level 5 in Dodging
  6258 | D:5      | Found a hide-covered altar of Uskayaw.
  6493 | D:5      | Learned a level 3 spell: Regeneration
  6808 | D:6      | Reached skill level 1 in Shields
  6808 | D:6      | Reached skill level 1 in Necromancy
  6862 | D:6      | Found an iron altar of Okawaru.
  8517 | D:7      | Reached XP level 9. HP: 52/66 MP: 12/12
  8653 | D:7      | Noticed ThereIsNoGod's ghost (novice DrIE)
  8878 | D:6      | Reached skill level 5 in Translocations
  9262 | D:4      | Learned a level 3 spell: Spectral Weapon
  9349 | D:4      | Reached * piety under Ashenzari
  9552 | D:3      | Killed Baril's ghost
  9674 | D:3      | Reached skill level 1 in Hexes
 10753 | D:8      | Slain by an ogre

Skill      XL: |  1  2  3  4  5  6  7  8  9 |
---------------+----------------------------+-----
Charms         | 3 4 5 6 |  6.7
Maces & Flails | 3 4 5 6 |  6.4
Dodging        | 3 4 5 |  5.1
Translocations | 1 2 3 4 5 |  5.0
Shields        | 2 3 |  3.6
Necromancy     | 2 3 |  3.0
Hexes          | 1 |  1.4
Fighting       | |  2.1
Spellcasting   | |  2.0

Action                   |  1- 3 |  4- 6 |  7- 9 || total
-------------------------+-------+-------+-------++-------
Melee: Mace              |   111 |   176 |       ||   287
       Tailslap          |     7 |    17 |    47 ||    71
       Flail             |       |    18 |   433 ||   451
       Hand axe          |       |     3 |       ||     3
 Cast: Infusion          |     9 |    20 |    14 ||    43
       Shroud of Golubri |       |    18 |    17 ||    35
       Regeneration      |       |       |     5 ||     5
       Spectral Weapon   |       |       |     2 ||     2
 Abil: Breathe Noxious F |       |       |    21 ||    21
  Use: Scroll            |       |     6 |     2 ||     8
       Potion            |       |     1 |     3 ||     4
 Stab: Sleeping          |     1 |       |     2 ||     3
       Confused          |       |       |    12 ||    12
  Eat: Chunk             |     2 |     9 |    14 ||    25
       Bread ration      |       |     1 |     4 ||     5
Armor: Skin              |    41 |    60 |   118 ||   219
Dodge: Dodged            |    88 |   150 |   291 ||   529
Block: Buckler           |       |       |    42 ||    42
